 Dungeon Crawl Stone Soup version 0.24.0 (webtiles) character file.

Game seed: 3202661702362164553, levelgen mode: deterministic

82 Mrkan the Skirmisher (level 4, -6/40 HPs)
             Began as a Draconian Fighter on Oct 25, 2019.
             Was an Initiate of the Shining One.
             Mangled by an orc
             ... wielding a +0 flail
              (10 damage)
             ... on level 3 of the Dungeon.
             The game lasted 00:03:27 (1804 turns).

Mrkan the Skirmisher (Draconian Fighter)            Turns: 1804, Time: 00:03:27

Health: -6/40      AC:  5    Str: 25    XL:     4   Next: 21%
Magic:  4/4        EV: 10    Int:  8    God:    the Shining One [......]
Gold:   176        SH:  9    Dex: 10    Spells: 3/3 levels left

rFire    . . .     SeeInvis .   a - +0 flail
rCold    . . .     Gourm    .   b - +0 shield
rNeg     . . .     Faith    .   (armour unavailable)
rPois    .         Spirit   .   (helmet restricted)
rElec    .         Reflect  .   (no cloak)
rCorr    .         Harm     .   (no gloves)
MR       .....                  (no boots)
Stlth    +.........             (no amulet)
HPRegen  0.13/turn              (no ring)
MPRegen  0.09/turn              (no ring)

@: mighty, lethally poisoned (-6 -> -7), glowing
A: unfitting armour, cold-blooded, AC +5
a: Renounce Religion


You were on level 3 of the Dungeon.
You worshipped the Shining One.
The Shining One was noncommittal.
You were very hungry.

You visited 1 branch of the dungeon, and saw 3 of its levels.

You collected 176 gold pieces.

Inventory:

Hand Weapons
 a - a +0 flail (weapon)
Armour
 b - a +0 shield (worn)
Wands
 l - a wand of disintegration (15)
Scrolls
 e - 5 scrolls of remove curse {unknown}
 h - 2 scrolls of teleportation {unknown}
 i - 7 scrolls of identify {unknown}
 k - a scroll of enchant armour {unknown}
 m - 2 scrolls of fog {unknown}
 n - a scroll of noise {unknown}
Potions
 g - a potion of curing {unknown}
 j - a potion of magic {unknown}
Comestibles
 d - 3 rations


   Skills:
 + Level 3.9 Fighting
 * Level 3.5 Maces & Flails
 - Level 2.6 Dodging
 + Level 3.6 Shields


You had 3 spell levels left.
You didn't know any spells.
Your spell library was empty.

Dungeon Overview and Level Annotations

Branches:
Dungeon (3/15)

Altars:
The Shining One


Innate Abilities, Weirdness & Mutations

Your plain brown scales are hard. (AC +5)
You cannot fit into any form of body armour.
You are cold-blooded and may be slowed by cold attacks.


Message History

You feel sick.
You closely miss the giant cockroach. The giant cockroach closely misses you.
The orc barely misses you.
The giant cockroach bites you but does no damage.
You thump the giant cockroach!
You kill the giant cockroach!
You block the orc's attack. The orc hits you with a +0 flail.
You are feeling very hungry.
You closely miss the rat. You tail-slap the rat.
You kill the rat!
You feel sick.
The orc priest calls down the wrath of Beogh upon you.
Beogh smites you!
* * * LOW HITPOINT WARNING * * *
The orc closely misses you. You block the orc's attack.
The orc priest looks braver for a moment.
The orc hits you but does no damage.
You feel very mighty all of a sudden. The orc hits you with a +0 flail!
You die...

#. #.......##
#. ♣..♣.♣..♣
#. #.......#
#. #♣..♣.♣..♣
..........#
###♣.....♣#
##♣.♣#.#
#.##.######..
#.##o@†.....♣
.. #o####...♣
. .oo# ♣
)....#
.......#
.......#
#.......
##...#.


You could see an orc priest and 3 orcs.

Vanquished Creatures
  3 adders
  2 oozes
  2 leopard geckos (D:2)
  7 bats
  A giant cockroach (D:3)
  8 goblins
  3 hobgoblins
  A kobold (D:2)
  2 quokkas
  4 frilled lizards (D:2)
  13 rats
46 creatures vanquished.

Notes
Turn   | Place    | Note
-------+----------+-------------------------------------------
     0 | D:1      | Mrkan the Draconian Fighter began the quest for the Orb.
     0 | D:1      | Reached XP level 1. HP: 19/19 MP: 1/1
   251 | D:1      | Reached XP level 2. HP: 17/26 MP: 2/2
   745 | D:2      | Reached XP level 3. HP: 19/31 MP: 3/3
   918 | D:2      | Found a glowing golden altar of the Shining One.
   961 | D:2      | Became a worshipper of the Shining One
  1709 | D:3      | Found a faded altar of an unknown god.
  1760 | D:3      | Reached XP level 4. HP: 27/40 MP: 4/4
  1804 | D:3      | Mangled by an orc

Levels and vault maps discovered:
D:1:      nicolae_arrival_washed_ashore, layout_basic, minmay_misc_feat_rugged,
          hangedman_abyss_or_decor_stabs
D:2:      layout_basic, overflow_temple_1_default
D:3:      layout_loops_ring, chequers_temple_overflow_minitemple, first_ration,
          serial_forest, infiniplex_forest_lined_4_way,
          infiniplex_forest_lined_ring, infiniplex_forest_end_3,
          infiniplex_forest_clump_diagonal, infiniplex_forest_end_2,
          infiniplex_forest_lined_corner, infiniplex_forest_zigzag_1,
          chequers_ecumenical_altar_island, mrwooster_statue_mirror,
          minivault_26, uniq_sigmund, uniq_grinder
